[Event "ICCopen2016"]
[Site "Internet Chess Club"]
[Date "2016.06.04"]
[Round "7"]
[White "Qualm"]
[Black "santiagoelawad"]
[Result "0-1"]
[ICCResult "White forfeits on time"]
[WhiteElo "1717"]
[BlackElo "1967"]
[Opening "Caro-Kann: Gurgenidze system"]
[ECO "B15"]
[NIC "CK.05"]
[Time "15:09:09"]
[TimeControl "180+0"]

1. e4 c6 2. d4 d5 3. Nc3 g6 4. Nf3 Bg7 5. h3 Nh6 6. Bf4 dxe4 7. Nxe4 Nf5 8.
c3 O-O 9. Qd2 Nd7 10. g4 Nd6 11. Nxd6 exd6 12. Bxd6 Re8+ 13. Be2 Nf6 14. Bf4
Nd5 15. Bg3 Qe7 16. Kf1 f5 17. g5 f4 18. Bh4 Qe4 19. Re1 Bd7 20. Bd1 Qf5 21.
Bc2 Qf7 22. Ne5 Bxe5 23. Rxe5 Rxe5 24. dxe5 Re8 25. Bb3 Rxe5 26. c4 Ne3+ 27.
Kg1 Nf5 28. Qc3 Re8 29. Kh2 Nxh4 30. Re1 Rxe1 31. c5 Re6
{White forfeits on time}
0-1

[Event "ICCopen2016"]
[Site "Internet Chess Club"]
[Date "2016.06.04"]
[Round "7"]
[White "burbur"]
[Black "GodspeedR8"]
[Result "1-0"]
[ICCResult "Black resigns"]
[WhiteElo "2491"]
[BlackElo "1940"]
[Opening "Benoni: Nimzovich (knight's tour) variation"]
[ECO "A61"]
[NIC "BI.27"]
[Time "15:09:43"]
[TimeControl "180+0"]

1. d4 Nf6 2. Nf3 c5 3. d5 e6 4. c4 exd5 5. cxd5 d6 6. Nc3 g6 7. Nd2 Bg7 8.
e4 O-O 9. Be2 a6 10. a4 Nbd7 11. O-O Rb8 12. Re1 Re8 13. h3 b6 14. Bf1 Nf8
15. Nc4 b5 16. axb5 axb5 17. Na5 Bd7 18. Bf4 Qc7 19. Nc6 Bxc6 20. dxc6 Qxc6
21. Qxd6 Qxd6 22. Bxd6 Rbd8 23. Bxc5 Ne6 24. Bb6 Rd6 25. Be3 b4 26. e5 bxc3
27. exd6 cxb2 28. Rab1 Nd5 29. Bc4 Nxe3 30. Rxe3 Rc8 31. Rxe6 Rxc4 32. Re8+
Bf8 33. Rxb2 Kg7 34. Rxf8 Kxf8 35. Rb8+ Kg7 36. d7 {Black resigns} 1-0

[Event "ICCopen2016"]
[Site "Internet Chess Club"]
[Date "2016.06.04"]
[Round "7"]
[White "jefferyx"]
[Black "gannikus1992"]
[Result "0-1"]
[ICCResult "White resigns"]
[WhiteElo "2662"]
[BlackElo "2235"]
[Opening "Polish (Sokolsky) opening"]
[ECO "A00"]
[NIC "VO.10"]
[Time "15:08:58"]
[TimeControl "180+0"]

1. b4 e5 2. a3 d5 3. Bb2 Bd6 4. e3 Nf6 5. Nf3 Qe7 6. d4 e4 7. Nfd2 a5 8. b5
c5 9. c4 cxd4 10. Bxd4 Nbd7 11. Nc3 O-O 12. cxd5 b6 13. Nc4 Bb7 14. Nxb6
Nxb6 15. Bxb6 Rfc8 16. Bd4 Bxa3 17. Qb3 Bb4 18. Bc4 Rxc4 19. Qxc4 Rc8 20.
Qb3 Nxd5 21. O-O Nxc3 22. Kh1 Nxb5 23. Bb2 Qe6 24. Qa4 Bc6 25. Rfc1 Be8 26.
Qd1 h6 27. Qh5 Nc3 28. Rc2 Ba4 29. Rcc1 Bd7 30. Rc2 Nd5 31. Rac1 Rxc2 32.
Rxc2 a4 33. Qh4 Be7 34. Qh5 a3 35. Bd4 a2 36. Rxa2 Nf6 37. Ra8+ Kh7 38. Qd1
Ng4 39. Qe2 Qf5 40. Kg1 Bh4 41. g3 Bf6 42. Ra7 Bxd4 43. exd4 Be6 44. h3 Nf6
45. g4 Qf4 46. Qe3 Qb8 47. Ra1 Qb2 48. Re1 Bd5 49. Kg2 Bc6 50. Kg3 Qb8+ 51.
Qf4 Qb3+ 52. Qe3 Qb4 53. h4 g6 54. g5 Nd5 55. Qxe4 Qd6+ 56. Qe5 Qd7 57. gxh6
f6 58. Qe6 Qc7+ 59. Kh3 Nf4+ {White resigns} 0-1

[Event "ICCopen2016"]
[Site "Internet Chess Club"]
[Date "2016.06.04"]
[Round "7"]
[White "whiteshark"]
[Black "Eraser007"]
[Result "0-1"]
[ICCResult "White checkmated"]
[WhiteElo "2508"]
[BlackElo "2209"]
[Opening "Alekhine's defense: modern, Larsen variation"]
[ECO "B04"]
[NIC "AL.05"]
[Time "15:10:13"]
[TimeControl "180+0"]

1. e4 Nf6 2. e5 Nd5 3. d4 d6 4. Nf3 dxe5 5. Nxe5 c6 6. c4 Nc7 7. Nc3 g6 8.
Qf3 Be6 9. Be3 Bg7 10. O-O-O Nd7 11. h4 h5 12. Qg3 Nxe5 13. dxe5 Qc8 14. f4
Bf5 15. Bd3 O-O 16. Bc5 Re8 17. Qg5 Ne6 18. Bxf5 gxf5 19. Qxf5 Nxc5 20. Qxh5
Qe6 21. Qe2 Qf5 22. Qe3 b6 23. g4 Qe6 24. h5 Rad8 25. Rxd8 Rxd8 26. h6 Bxh6
27. g5 Bg7 28. Qf3 Qf5 29. Rd1 Nd3+ 30. Rxd3 Rxd3 31. Qxc6 Qxf4+ 32. Kc2
Rd2+ 33. Kb3 Qxe5 34. Qe8+ Kh7 35. Qxf7 Rxb2+ 36. Ka4 Qa5# {White
checkmated} 0-1

[Event "ICCopen2016"]
[Site "Internet Chess Club"]
[Date "2016.06.04"]
[Round "7"]
[White "ajedrezlento"]
[Black "JohnnieW"]
[Result "1-0"]
[ICCResult "Black forfeits on time"]
[WhiteElo "1888"]
[BlackElo "2025"]
[Opening "Ware (Meadow Hay) opening"]
[ECO "A00"]
[Time "15:08:40"]
[TimeControl "180+0"]

1. a4 d6 2. g3 e5 3. Bg2 f5 4. d3 Nf6 5. Nd2 Be7 6. e4 c6 7. Ngf3 O-O 8. O-O
Kh8 9. c3 fxe4 10. dxe4 Be6 11. Qe2 Qe8 12. Nc4 Qh5 13. Re1 Bg4 14. Ne3 Be6
15. Nd2 Qxe2 16. Rxe2 Nbd7 17. Ndc4 Nc5 18. f3 Rad8 19. b4 Nb3 20. Rb1 Nxc1
21. Rxc1 Kg8 22. Rd1 g6 23. Red2 d5 24. exd5 cxd5 25. Nxe5 Rc8 26. f4 Ne4
27. Bxe4 dxe4 28. Nd7 Rfd8 29. Nc5 Rxd2 30. Rxd2 Bxc5 31. bxc5 Rxc5 32. Rd6
Rxc3 33. Kf2 Rc6 34. Rd8+ Kg7 35. g4 h6 36. f5 gxf5 37. gxf5 Bf7 38. Ng4 h5
39. Ne5 Rc2+ 40. Ke3 Kf6 41. Nd7+ Ke7 42. Rf8 Kxd7 43. Rxf7+ Kc6 44. Rh7
Rc3+ 45. Kxe4 Rh3 46. Rh6+ Kc5 47. f6 Rxh2 48. f7 Rf2 49. Rxh5+ Kb4 50. Rf5
Rxf5 51. Kxf5 Kxa4 52. f8=Q b5 53. Qa8 a5 54. Ke4 b4 55. Kd3 b3 56. Kc3 Kb5
57. Qb7+ {Black forfeits on time} 1-0

[Event "ICCopen2016"]
[Site "Internet Chess Club"]
[Date "2016.06.04"]
[Round "7"]
[White "Blockader"]
[Black "ivancele"]
[Result "1-0"]
[ICCResult "Black forfeits on time"]
[WhiteElo "1743"]
[BlackElo "1510"]
[Opening "Old Indian defense"]
[ECO "A42"]
[NIC "OI.07"]
[Time "15:09:32"]
[TimeControl "180+0"]

1. d4 d6 2. c4 f5 3. Nc3 Nf6 4. g3 g6 5. Bg2 Bg7 6. Qb3 c6 7. Nf3 Qc7 8. O-O
e5 9. d5 c5 10. Nb5 Qe7 11. Bg5 a6 12. Nc3 e4 13. Nd2 O-O 14. e3 Nbd7 15.
Qc2 Ne5 16. Bf4 Nfd7 17. a4 Rb8 18. Bxe5 Nxe5 19. f4 exf3 20. Nxf3 Nxf3+ 21.
Rxf3 Bd7 22. a5 Rbe8 23. Re1 Qd8 24. Ra1 Re5 25. Ne2 Rfe8 26. Kf2 Qe7 27.
Ra3 Re4 28. Nf4 Qf6 29. Rb3 Ba4 30. Ne6 Bxb3 31. Qxb3 Qxb2+ 32. Qxb2 Bxb2
33. Rf4 Rxf4+ 34. gxf4 Bc3 35. e4 fxe4 36. Bxe4 Bxa5 37. Kf3 Bc3 38. h4 b5
39. cxb5 axb5 40. Nc7 Rb8 41. Na6 b4 42. Nxb8 b3 43. Nc6 b2 44. f5 gxf5 45.
Bxf5 {Black forfeits on time} 1-0

[Event "ICCopen2016"]
[Site "Internet Chess Club"]
[Date "2016.06.04"]
[Round "7"]
[White "ebochess"]
[Black "cap78red"]
[Result "0-1"]
[ICCResult "White resigns"]
[WhiteElo "1462"]
[BlackElo "1369"]
[Opening "King's Indian: London system"]
[ECO "A48"]
[NIC "QP.03"]
[Time "15:09:46"]
[TimeControl "180+0"]

1. d4 Nf6 2. Nf3 g6 3. Bf4 Bg7 4. e3 d6 5. c3 O-O 6. Be2 Nfd7 7. h3 Nc6 8.
Nbd2 e5 9. dxe5 Ndxe5 10. Nxe5 Nxe5 11. Nf3 Nxf3+ 12. Bxf3 Bf5 13. Qb3 Be6
14. Bd5 Bxd5 15. Qxd5 Qd7 16. O-O c6 17. Qxd6 Qxd6 18. Bxd6 Rfd8 19. Rad1
Bf8 20. Bxf8 Kxf8 21. Rd4 c5 22. Rh4 h5 23. f3 Rd2 24. Rf2 Rad8 25. Ra4 a6
26. b3 R2d3 27. Rc2 Rxe3 28. Kf2 Rdd3 29. c4 Re7 30. Ra5 Red7 31. Kg3 Rd2
32. Rxd2 Rxd2 33. a3 Rb2 34. b4 cxb4 35. axb4 Rxb4 36. Rc5 Ke7 37. Rc7+ Kd6
38. Rxf7 Kc6 39. Rf6+ Kc5 40. Rxg6 Rxc4 41. Rg5+ Kb4 42. Rxh5 a5 43. Rh8 a4
44. Ra8 a3 45. h4 Kb3 46. h5 Ra4 47. Rxa4 Kxa4 48. h6 a2 49. h7 a1=Q 50. Kg4
Qh8 51. f4 Qxh7 52. f5 Qf7 53. Kf4 b5 54. g4 b4 55. g5 b3 56. g6 Qf6 57. g7
Qxg7 {White resigns} 0-1

[Event "ICCopen2016"]
[Site "Internet Chess Club"]
[Date "2016.06.04"]
[Round "7"]
[White "Towinning"]
[Black "MoonlightWizard"]
[Result "0-1"]
[ICCResult "White checkmated"]
[WhiteElo "2345"]
[BlackElo "2904"]
[Opening "Queen's pawn: London system"]
[ECO "A45"]
[NIC "QP.07"]
[Time "15:09:55"]
[TimeControl "180+0"]

1. d4 Nf6 2. Bf4 e6 3. e3 b6 4. Nf3 Bb7 5. h3 c5 6. c3 d6 7. Nbd2 Be7 8. Bd3
O-O 9. O-O cxd4 10. exd4 Nbd7 11. Re1 Nd5 12. Bh2 Re8 13. Ne4 Nf8 14. Bc2 a6
15. Qd3 Rc8 16. Rad1 b5 17. a3 Ng6 18. Bg3 Nb6 19. h4 h6 20. h5 Nf8 21. Nh2
Nc4 22. Rb1 f5 23. Nd2 Bg5 24. Ndf3 Bf6 25. a4 Qd7 26. axb5 axb5 27. Nd2 Bd5
28. Nxc4 bxc4 29. Qd2 Qb7 30. f3 Qf7 31. Nf1 Qxh5 32. Bxd6 Rcd8 33. Ng3 Qh4
34. Bxf8 Qxg3 35. Bc5 Bxf3 36. Qf2 Qxf2+ 37. Kxf2 Bd5 38. Re2 Kf7 39. b3 h5
40. bxc4 Bxc4 41. Re3 f4 42. Rb7+ Kg8 43. Rf3 e5 44. Bg6 e4 45. Rxf4 e3+ 46.
Ke1 Ra8 47. Bxe8 Ra1+ 48. Rb1 Rxb1# {White checkmated} 0-1

[Event "ICCopen2016"]
[Site "Internet Chess Club"]
[Date "2016.06.04"]
[Round "7"]
[White "kvicc"]
[Black "EeEk"]
[Result "1-0"]
[ICCResult "Black forfeits on time"]
[WhiteElo "2162"]
[BlackElo "1897"]
[Opening "Polish (Sokolsky) opening"]
[ECO "A00"]
[NIC "VO.10"]
[Time "15:09:22"]
[TimeControl "180+0"]

1. b4 d5 2. Bb2 Nf6 3. a3 g6 4. Bxf6 exf6 5. e3 Bg7 6. d4 O-O 7. c4 c6 8.
Nc3 f5 9. Nf3 Be6 10. c5 Nd7 11. Be2 Nf6 12. O-O Ne4 13. Nxe4 fxe4 14. Nd2
Qh4 15. b5 f5 16. bxc6 bxc6 17. Qa4 Bd7 18. Qa6 f4 19. Qb7 Rad8 20. g3 Qg5
21. h4 Qh6 22. exf4 Bxd4 23. Rad1 Bxc5 24. Nb3 Bb6 25. Nd2 Rxf4 26. Nc4 Bc5
27. Ne5 Rxf2 28. Rxf2 Qe3 29. Rf1 Qxe2 30. Nxd7 Bxf2+ 31. Rxf2 Qe1+ 32. Kg2
{Black forfeits on time}
1-0

[Event "ICCopen2016"]
[Site "Internet Chess Club"]
[Date "2016.06.04"]
[Round "7"]
[White "QuieroAprender"]
[Black "Desotojags"]
[Result "1-0"]
[ICCResult "Black forfeits on time"]
[WhiteElo "1380"]
[BlackElo "1422"]
[Opening "QP counter-gambit (elephant gambit)"]
[ECO "C40"]
[NIC "KP.10"]
[Time "15:09:37"]
[TimeControl "180+0"]

1. e4 e5 2. Nf3 d5 3. exd5 e4 4. Ne5 Nf6 5. d4 Bd6 6. Bc4 O-O 7. Bf4 Bf5 8.
Nc3 Nbd7 9. O-O a6 10. a3 c6 11. Nxf7 Rxf7 12. Bxd6 cxd5 13. Nxd5 Nxd5 14.
Bxd5 Nf6 15. Bxf7+ Kxf7 16. Be5 Rc8 17. c3 Kg8 18. f4 Nd5 19. Re1 Qh4 20. g3
Qh3 21. Qd2 Rf8 22. c4 e3 23. Qg2 Nf6 24. Rxe3 Qg4 25. Bxf6 Rxf6 26. Qd5+
Be6 27. Qxb7 Bc8 28. Re8+ Rf8 29. Rxf8+ Kxf8 30. Qe4 {Black forfeits on
time} 1-0

[Event "ICCopen2016"]
[Site "Internet Chess Club"]
[Date "2016.06.04"]
[Round "7"]
[White "Hell-Rell"]
[Black "AllGunsBlazing"]
[Result "0-1"]
[ICCResult "White resigns"]
[WhiteElo "2176"]
[BlackElo "2674"]
[Opening "Caro-Kann: Panov-Botvinnik attack"]
[ECO "B13"]
[NIC "CK.03"]
[Time "15:10:44"]
[TimeControl "180+0"]

1. e4 c6 2. d4 d5 3. exd5 cxd5 4. c4 Nf6 5. Nc3 Nc6 6. Nf3 Bg4 7. Be2 dxc4
8. Bxc4 e6 9. Be3 Be7 10. O-O O-O 11. h3 Bh5 12. Be2 Nd5 13. Nxd5 Qxd5 14.
Rc1 Qxa2 15. Bc4 Qxb2 16. Rb1 Qa3 17. Rxb7 Bf6 18. d5 Na5 19. Rc7 Nxc4 20.
Rxc4 Rfd8 21. Ra4 Bxf3 22. Rxa3 Bxd1 23. Rxd1 a5 24. d6 a4 25. d7 Bb2 26.
Rad3 a3 27. Bb6 a2 28. Bxd8 Rxd8 29. R3d2 a1=Q {White resigns} 0-1

[Event "ICCopen2016"]
[Site "Internet Chess Club"]
[Date "2016.06.04"]
[Round "7"]
[White "milinanana"]
[Black "anitak"]
[Result "1/2-1/2"]
[ICCResult "Game drawn by repetition"]
[WhiteElo "1820"]
[BlackElo "2102"]
[Opening "Queen's gambit declined"]
[ECO "E00"]
[NIC "QP.08"]
[Time "15:08:51"]
[TimeControl "180+0"]

1. d4 d5 2. c4 e6 3. g3 Nf6 4. Nf3 Nbd7 5. Bg2 c6 6. O-O dxc4 7. Qc2 b5 8.
b3 Nb6 9. Ne5 Nfd5 10. Nxc6 Qc7 11. Ne5 Bd6 12. bxc4 bxc4 13. Nc3 O-O 14.
Nb5 Qb8 15. Nxd6 Qxd6 16. a4 Ba6 17. a5 Nb4 18. Qd2 N6d5 19. Ba3 f6 20. Ng4
c3 21. Qd1 Rab8 22. Re1 h5 23. e4 Nb6 24. e5 fxe5 25. Nxe5 Nc4 26. Nxc4 Bxc4
27. Qxh5 Qxd4 28. Re3 Nc2 29. Be4 Nxe3 30. Qh7+ Kf7 31. Qg6+ Kg8 32. Qh7+
Kf7 33. fxe3 Qxe3+ 34. Kg2 Qe2+ 35. Kh1 Rh8 36. Qg6+ Kg8 37. Bg2 Bd5 38. Rg1
Bxg2+ 39. Rxg2 Qf1+ 40. Rg1 Qf3+ 41. Rg2 Qf1+ 42. Rg1 Qf3+ 43. Rg2 Qd1+ 44.
Rg1 Qf3+ 45. Rg2 Qf1+ 46. Rg1 {Game drawn by repetition} 1/2-1/2

[Event "ICCopen2016"]
[Site "Internet Chess Club"]
[Date "2016.06.04"]
[Round "7"]
[White "rookfish"]
[Black "Pschaak"]
[Result "0-1"]
[ICCResult "White forfeits on time"]
[WhiteElo "1192"]
[BlackElo "1724"]
[Opening "Caro-Kann defense"]
[ECO "B10"]
[NIC "CK.01"]
[Time "15:09:07"]
[TimeControl "180+0"]

1. e4 c6 2. Nf3 d5 3. exd5 cxd5 4. d4 Nc6 5. c4 Nf6 6. c5 e5 7. Nxe5 Nxe5 8.
dxe5 Ng4 9. Bb5+ Bd7 10. Bxd7+ Qxd7 11. O-O Bxc5 12. h3 Nxe5 13. Re1 f6 14.
Bf4 O-O 15. Bxe5 fxe5 16. Rxe5 Rxf2 17. Kh1 Raf8 18. Nc3 Qd6 19. Rxd5 Qg3
20. Qg1 Bb6 21. Ne4 Qc7 22. Rg5 R2f5 23. Nf6+ R8xf6 24. Qe1 Rxg5 25. Qh4 Re5
26. Rd1 Ref5 27. Rd8+ Qxd8 28. Qc4+ Kh8 29. Qg4 Qc7 {White forfeits on time}
0-1

[Event "ICCopen2016"]
[Site "Internet Chess Club"]
[Date "2016.06.04"]
[Round "7"]
[White "aplusk"]
[Black "Creedence"]
[Result "1-0"]
[ICCResult "Black resigns"]
[WhiteElo "2902"]
[BlackElo "3049"]
[Opening "Evans gambit declined"]
[ECO "C51"]
[NIC "IG.05"]
[Time "15:09:14"]
[TimeControl "180+0"]

1. e4 e5 2. Nf3 Nc6 3. Bc4 Bc5 4. b4 Bb6 5. O-O Nf6 6. b5 Na5 7. Nxe5 Nxc4
8. Nxc4 O-O 9. d3 d5 10. Nxb6 axb6 11. e5 Nd7 12. d4 Qe8 13. Ba3 Qe6 14.
Bxf8 Nxf8 15. a4 Qg6 16. Nd2 Ne6 17. c3 Nf4 18. Qf3 Qg5 19. Kh1 Bg4 20. Qg3
Nh5 21. Qe3 Qh4 22. Nf3 Qe7 23. h3 Bf5 24. g4 Be4 25. gxh5 f6 26. Kh2 Rf8
27. Nd2 Bc2 28. f4 Bf5 29. Rf2 Qd7 30. Rg1 Qf7 31. h6 g6 32. Nf3 Re8 33. Nh4
Be4 34. Rfg2 fxe5 35. dxe5 Rf8 36. Rf2 Qe7 37. Rg5 Qe6 38. Ng2 Qe7 39. h4
Qe6 40. Ne1 Kh8 41. Nf3 Qe7 42. Nd4 Rf7 43. h5 Qf8 44. hxg6 Qxh6+ 45. Qh3
Qxh3+ 46. Kxh3 hxg6 47. e6 Rf8 48. e7 Re8 49. Re5 Kg7 50. Kg4 Kf6 51. Re6+
Kf7 52. Kg5 Rh8 53. e8=Q+ Rxe8 54. Rxe8 Kxe8 55. f5 c5 56. bxc6 bxc6 57.
fxg6 Bxg6 58. Kxg6 c5 59. Nb5 Kd7 60. Kf5 {Black resigns} 1-0

[Event "ICCopen2016"]
[Site "Internet Chess Club"]
[Date "2016.06.04"]
[Round "7"]
[White "motipen"]
[Black "karodash"]
[Result "1-0"]
[ICCResult "Black resigns"]
[WhiteElo "1861"]
[BlackElo "1616"]
[Opening "Queen's gambit declined"]
[ECO "D30"]
[NIC "QP.08"]
[Time "15:10:24"]
[TimeControl "180+0"]

1. d4 d5 2. c4 e6 3. Nf3 f5 4. g3 Nf6 5. Bg2 c6 6. O-O Bd6 7. b3 O-O 8. Ba3
Bxa3 9. Nxa3 Ne4 10. Nc2 Nd7 11. Nce1 Ndf6 12. Nd3 Ng4 13. h3 Ngf6 14. Rc1
Bd7 15. Nfe5 Be8 16. e3 Bh5 17. Qc2 Nd7 18. Nf4 Qe8 19. Nxd7 Qxd7 20. Nxh5
g5 21. g4 Qc7 22. Bxe4 fxe4 23. cxd5 exd5 24. Ng3 Rf3 25. Kg2 Raf8 26. Nf5
Qf7 27. Qc5 Qg6 28. Ne7+ {Black resigns} 1-0

[Event "ICCopen2016"]
[Site "Internet Chess Club"]
[Date "2016.06.04"]
[Round "7"]
[White "CristianS"]
[Black "SeniorNapa"]
[Result "1-0"]
[ICCResult "Black checkmated"]
[WhiteElo "2066"]
[BlackElo "1842"]
[Opening "Sicilian: Kan variation"]
[ECO "B41"]
[NIC "SI.41"]
[Time "15:09:10"]
[TimeControl "180+0"]

1. e4 c5 2. Nf3 e6 3. d4 cxd4 4. Nxd4 a6 5. Be2 Qc7 6. O-O Nc6 7. Kh1 Nf6 8.
Nc3 b5 9. Nxc6 dxc6 10. f4 e5 11. fxe5 Qxe5 12. Bf4 Qc5 13. e5 Nd5 14. Ne4
Qb6 15. a4 Bb7 16. axb5 axb5 17. Rxa8+ Bxa8 18. Nd6+ Bxd6 19. exd6 O-O 20.
Bg5 f6 21. Bg4 Rd8 22. Be6+ Kh8 23. Bxd5 cxd5 24. Rxf6 gxf6 25. Bxf6+ Kg8
26. Qg4+ Kf7 27. Qg7+ Ke6 28. Qe7+ Kf5 29. Qe5+ Kg6 30. Qg5+ Kf7 31. Bxd8
Qxd6 32. Qf5+ Kg7 33. h4 Bc6 34. Ba5 Bd7 35. Bc3+ Kg8 36. Qg5+ Kf8 37. Qg7+
Ke8 38. Qg8+ Ke7 39. Qxh7+ Kd8 40. Qh8+ Kc7 41. Be5 Kc6 42. Bxd6 Kxd6 43.
Qf6+ Kc5 44. h5 Bc6 45. c3 b4 46. Qd4+ Kd6 47. Qxb4+ Ke5 48. Qd4+ Kd6 49. h6
Bb5 50. h7 Bf1 51. h8=Q Bxg2+ 52. Kxg2 Ke6 53. Qhf6+ Kd7 54. Qxd5+ Kc7 55.
Qfd8# {Black checkmated} 1-0

[Event "ICCopen2016"]
[Site "Internet Chess Club"]
[Date "2016.06.04"]
[Round "7"]
[White "dineshsharma"]
[Black "pablopizarro"]
[Result "1-0"]
[ICCResult "Black resigns"]
[WhiteElo "2372"]
[BlackElo "1955"]
[Opening "Sicilian: Pelikan, Bird variation"]
[ECO "B33"]
[NIC "SI.36"]
[Time "15:10:15"]
[TimeControl "180+0"]

1. e4 c5 2. Nf3 Nc6 3. d4 cxd4 4. Nxd4 Nf6 5. Nc3 e5 6. Ndb5 d6 7. Bg5 a6 8.
Na3 Be6 9. Nc4 Rc8 10. Bxf6 Qxf6 11. Nb6 Rb8 12. Be2 Qd8 13. Ncd5 g6 14. O-O
Bg7 15. c3 O-O 16. a4 f5 17. Bf3 Kh8 18. a5 Ne7 19. Qd3 Nxd5 20. Nxd5 Rc8
21. Rfd1 Rc5 22. Nb6 fxe4 23. Bxe4 Qf6 24. f3 Rd8 25. Bxb7 d5 26. b4 e4 27.
fxe4 Qf2+ 28. Kh1 Rxc3 29. Qf1 Qh4 30. Nxd5 Be5 31. Qg1 Rc2 32. Rac1 Ra2 33.
Ne3 Bh3 34. gxh3 Rxh2+ 35. Qxh2 Bxh2 36. Rxd8+ Qxd8 37. Rc8 {Black resigns}
1-0

[Event "ICCopen2016"]
[Site "Internet Chess Club"]
[Date "2016.06.04"]
[Round "7"]
[White "e8thatcat"]
[Black "drsigmund1"]
[Result "1-0"]
[ICCResult "Black resigns"]
[WhiteElo "1402"]
[BlackElo "1272"]
[Opening "Queen's pawn"]
[ECO "A40"]
[NIC "QO.17"]
[Time "15:09:45"]
[TimeControl "180+0"]

1. d4 e6 2. Nf3 f5 3. Bf4 Nf6 4. e3 d5 5. Nbd2 Bd6 6. Ne5 O-O 7. Ndf3 Ne4 8.
Bd3 Nd7 9. c3 Ndf6 10. Qc2 Bxe5 11. Nxe5 g5 12. Bg3 Nxg3 13. hxg3 Ne4 14.
Bxe4 fxe4 15. O-O-O a5 16. Rh6 Rf6 17. Rdh1 Rxh6 18. Rxh6 Qf8 19. Rh5 h6 20.
Qe2 Ra6 21. Qg4 Qg7 22. Qh3 b5 23. Qh2 b4 24. Ng4 bxc3 25. Nxh6+ Kf8 26. Ng4
cxb2+ 27. Kb1 Qf6 {Black resigns} 1-0

[Event "ICCopen2016"]
[Site "Internet Chess Club"]
[Date "2016.06.04"]
[Round "7"]
[White "Nedwis"]
[Black "x22"]
[Result "1-0"]
[ICCResult "Black forfeits on time"]
[WhiteElo "2892"]
[BlackElo "2409"]
[Opening "Queen's pawn game"]
[ECO "A46"]
[NIC "QP.06"]
[Time "15:09:04"]
[TimeControl "180+0"]

1. Nf3 Nf6 2. d4 d6 3. c4 g6 4. Nc3 Bf5 5. Qb3 b6 6. c5 bxc5 7. e4 Nxe4 8.
Nxe4 Bxe4 9. Ng5 d5 10. Nxe4 dxe4 11. dxc5 Nd7 12. Bb5 Bg7 13. Be3 Qc8 14.
Bc6 O-O 15. Bxa8 Qxa8 16. O-O Rb8 17. Qa4 Ne5 18. Bd4 a5 19. a3 Rd8 20. Rad1
Nd3 21. Bxg7 Kxg7 22. c6 f5 23. Rd2 Qa7 24. b4 e3 25. Rxd3 Rxd3 26. Qc2
exf2+ 27. Kh1 Qd4 28. b5 Rd2 29. Qb1 Rb2 30. Qa1 e5 31. a4 Re2 32. Qc1 Qb4
33. b6 Re1 34. h4 Rxc1 35. Rxc1 Qe1+ 36. Kh2 Qxc1 37. bxc7 Qxc6 38. c8=Q
Qxc8 39. h5 gxh5 40. g4 Qc3 41. gxh5 Kf7 42. h6 Qe1 43. Kg2
{Black forfeits on time}
1-0

[Event "ICCopen2016"]
[Site "Internet Chess Club"]
[Date "2016.06.04"]
[Round "7"]
[White "Dan83"]
[Black "oriGinal"]
[Result "1-0"]
[ICCResult "Black resigns"]
[WhiteElo "1986"]
[BlackElo "1780"]
[Opening "Scandinavian defense"]
[ECO "B01"]
[NIC "SD.03"]
[Time "15:09:33"]
[TimeControl "180+0"]

1. e4 d5 2. exd5 Nf6 3. c4 Bg4 4. f3 Bf5 5. g4 Bg6 6. g5 Nh5 7. d4 c6 8. Nc3
cxd5 9. cxd5 Bf5 10. f4 g6 11. Be2 e6 12. Bxh5 gxh5 13. Qxh5 exd5 14. Nf3
Nc6 15. O-O Qd6 16. Re1+ Be7 17. Ne5 Nxe5 18. Rxe5 Be4 19. f5 O-O-O 20. Qxf7
Bxg5 21. Bxg5 Rhg8 22. f6 h6 23. Nb5 Qc6 24. Nxa7+ Kb8 25. Nxc6+ bxc6 26. h4
hxg5 27. Rxg5 Rh8 28. Rg7 Rd7 29. Qxd7 {Black resigns} 1-0

[Event "ICCopen2016"]
[Site "Internet Chess Club"]
[Date "2016.06.04"]
[Round "7"]
[White "Shafkat"]
[Black "Deverill"]
[Result "1-0"]
[ICCResult "Black forfeits on time"]
[WhiteElo "1647"]
[BlackElo "1278"]
[Opening "French: advance, Paulsen attack"]
[ECO "C02"]
[NIC "FR.03"]
[Time "15:09:07"]
[TimeControl "180+0"]

1. e4 e6 2. d4 d5 3. e5 c5 4. c3 Nc6 5. Nf3 Nge7 6. Bd3 Nf5 7. Bxf5 exf5 8.
Nbd2 Be6 9. Nb3 c4 10. Nbd2 Be7 11. b3 cxb3 12. axb3 Rc8 13. Ba3 O-O 14.
Bxe7 Qxe7 15. Rc1 Na5 16. Nf1 b5 17. Ng3 a6 18. O-O Kh8 19. Qd3 g6 20. h4 f6
21. h5 fxe5 22. Nxe5 f4 23. Ne2 g5 24. f3 Bf5 25. Qd2 Nxb3 26. Qa2 Nxc1 27.
Nxc1 Qe6 28. Ne2 Bd3 29. Nxd3 Qe3+ 30. Kh1 Qxd3 31. Nc1 Qxc3 32. Qxd5 Rfe8
33. h6 b4 34. Qf7 Qc7 35. Qf6+ Kg8 36. Nd3 g4 37. Qg5+ Kh8 38. Ne5 Rf8 39.
Qxg4 b3 40. Rb1 b2 41. Nd3 {Black forfeits on time} 1-0

[Event "ICCopen2016"]
[Site "Internet Chess Club"]
[Date "2016.06.04"]
[Round "7"]
[White "onti"]
[Black "jonesey"]
[Result "0-1"]
[ICCResult "White forfeits on time"]
[WhiteElo "1331"]
[BlackElo "1763"]
[Opening "KGD: classical, 4.c3"]
[ECO "C30"]
[NIC "KG.05"]
[Time "15:09:08"]
[TimeControl "180+0"]

1. e4 e5 2. f4 Bc5 3. Nf3 d6 4. c3 Nf6 5. d4 exd4 6. cxd4 Bb4+ 7. Bd2 Bxd2+
8. Nbxd2 Bg4 9. Bc4 O-O 10. O-O Nc6 11. Qe1 d5 12. Bd3 dxe4 13. Nxe4 Bxf3
14. Nxf6+ Qxf6 15. Rxf3 Rfe8 16. Qg3 Nxd4 17. Rf2 Qb6 18. Kh1 Re6 19. f5 Rf6
20. Raf1 Rd8 21. b3 Qc5 22. Bc4 Nxf5 23. Qg5 h6 24. Rxf5 hxg5 25. Rxc5 Rxf1+
26. Bxf1 Rd1 27. Kg1 Rd2 28. Rxc7 Rxa2 29. Rxb7 a5 30. Bc4 Ra1+ 31. Kf2 Ra2+
32. Kg3 Kh7 33. Rxf7 a4 34. bxa4 Rxa4 35. Bd3+ Kg8 36. Rf3 Ra1 37. h4 gxh4+
38. Kxh4 Rh1+ 39. Kg3 g5 40. Rf5 Kg7 41. Rxg5+ Kf6 42. Rf5+ Ke6
{White forfeits on time}
0-1

[Event "ICCopen2016"]
[Site "Internet Chess Club"]
[Date "2016.06.04"]
[Round "7"]
[White "attalone"]
[Black "TudoracheM"]
[Result "0-1"]
[ICCResult "White forfeits on time"]
[WhiteElo "1206"]
[BlackElo "1711"]
[Opening "King's Indian defense, 3.Nc3"]
[ECO "E61"]
[NIC "KI.80"]
[Time "15:09:46"]
[TimeControl "180+0"]

1. d4 Nf6 2. c4 g6 3. Nc3 Bg7 4. Nf3 O-O 5. Bg5 h6 6. Bh4 g5 7. Bg3 d6 8. e3
Nfd7 9. Be2 Nc6 10. Qc2 e5 11. O-O-O f5 12. h3 e4 13. Nd2 Nb4 14. Qb1 Nf6
15. a3 Nc6 16. f3 exf3 17. gxf3 Nh5 18. Bf2 f4 19. e4 Nxd4 20. Bxd4 Bxd4 21.
Nb3 Be3+ 22. Kc2 c6 23. Bd3 Be6 24. Ne2 d5 25. exd5 cxd5 26. Nbd4 dxc4 27.
Nxe6 cxd3+ 28. Rxd3 Qc8+ 29. Nc3 Qxe6 30. Re1 Rac8 31. Qd1 Nf6 32. Kb1 Qf5
33. Ne4 Nxe4 34. fxe4 Qxe4 35. Qb3+ Kh8 36. Rd1 Rfd8 37. Ka1 Rc1+ 38. Ka2
Rxd1 39. Rxd1 Rxd1 {White forfeits on time} 0-1

[Event "ICCopen2016"]
[Site "Internet Chess Club"]
[Date "2016.06.04"]
[Round "7"]
[White "CountDooku"]
[Black "TooStrongForYou"]
[Result "0-1"]
[ICCResult "White resigns"]
[WhiteElo "1806"]
[BlackElo "1610"]
[Opening "KGD: classical, Heath variation"]
[ECO "C30"]
[NIC "KG.05"]
[Time "15:10:48"]
[TimeControl "180+0"]

1. e4 e5 2. f4 Bc5 3. Nf3 d6 4. b4 Bxb4 5. c3 Ba5 6. Bc4 Be6 7. Bxe6 fxe6 8.
fxe5 dxe5 9. O-O Nf6 10. Nxe5 O-O 11. Qb3 Qd6 12. d4 Nxe4 13. Rxf8+ Kxf8 14.
Qxb7 Bxc3 15. Ba3 Bxd4+ 16. Kh1 Nf2+ 17. Kg1 Bc5 18. Bxc5 Qxc5 19. Qxb8+ Ke7
20. Nd3 Nxd3+ {White resigns} 0-1